 Dungeon Crawl Stone Soup version 0.31-a0-955-gcb8bc90ed4 (webtiles) character file.

Game seed: 3294095256928784645

9760 Conn the Arsonist (level 11, -1/72 HPs)
             Began as an Octopode Fire Elementalist on Oct 22, 2023.
             Slain by a black mamba (19 damage)
             ... on level 2 of the Lair of Beasts.
             The game lasted 00:26:36 (10547 turns).

Conn the Arsonist (Octopode Fire Elementalist)     Turns: 10547, Time: 00:26:36

Health: -1/72      AC:  1    Str:  7    XL:     11   Next: 51%
Magic:  6/22       EV: 15    Int: 23    God:
Gold:   468        SH:  5    Dex: 14    Spells: 4/25 levels left

rFire   + . .        t - +2 falchion (protect)
rCold   + . .        (no shield)
rNeg    . . .        (helmet restricted)
rPois   +            n - amulet "Kyshrec" {Reflect Contam rElec Int+2 SH+5}
rElec   +            c - +4 ring of slaying
rCorr   .            x - ring of see invisible
SInv    +            B - ring of fire
Will    .....        v - ring of Umat {Wiz rElec rPois rC++ Will-}
Stlth   +++++        (no ring)
HPRegen 0.32/turn    (no ring)
MPRegen 0.18/turn    (no ring)
                     (no ring)

%: reflection, wizardry (x1)
@: no status effects
A: almost no armour, amphibious, 8 rings, camouflage 1, gelatinous body 1,
(nimble swimmer 1), tentacles
a: no special abilities


You were on level 2 of the Lair of Beasts.
You visited 3 branches of the dungeon, and saw 11 of its levels.
You also visited: Sewer.

You collected 514 gold pieces.
You spent 46 gold pieces at shops.

Inventory:

Hand Weapons
 a - a +3 long sword of venom
 f - a +0 dagger
 h - a +0 demon whip
 t - a +2 falchion of protection (weapon)
Missiles
 u - 6 curare-tipped darts
Jewellery
 c - a +4 ring of slaying (left tentacle)
 n - the amulet "Kyshrec" (around mantle) {Reflect Contam rElec Int+2 SH+5}
   (You found it on level 2 of the Dungeon)

   [amulet of reflection]

   Reflect:   It reflects blocked missile attacks.
   Int+2:     It affects your intelligence (+2).
   rElec:     It insulates you from electricity.
   Contam:    It causes magical contamination when unequipped.
   SH+5:      It affects your SH (+5).
 v - the ring of Umat (on tentacle) {Wiz rElec rPois rC++ Will-}
   (You acquired it on level 7 of the Dungeon)

   [ring of wizardry]

   Wiz:       It improves your spell success rate.
   rC++:      It greatly protects you from cold.
   rElec:     It insulates you from electricity.
   rPois:     It protects you from poison Will-: It decreases your willpower.
 x - a ring of see invisible (right tentacle)
 B - a ring of fire (on tentacle)
 C - a ring of protection from fire
Wands
 i - a wand of roots (16)
 r - a wand of polymorph (7)
 s - a wand of flame (20)
 A - a wand of mindburst (9)
 D - a wand of light (3)
Scrolls
 e - 2 scrolls of revelation
 g - a scroll of immolation
 j - 3 scrolls of vulnerability
 m - a scroll of torment
 y - 2 scrolls of teleportation
Potions
 b - 6 potions of enlightenment
 d - 2 potions of brilliance
 k - a potion of mutation
 l - 2 potions of curing
 o - 2 potions of heal wounds
 p - 2 potions of haste
 q - a potion of might
 w - a potion of invisibility {unknown}
 z - a potion of lignification {unknown}


   Skills:
 + Level 5.5 Fighting
 + Level 5.9 Dodging
 - Level 8.0 Stealth
 * Level 7.5 Spellcasting
 + Level 6.6 Conjurations
 - Level 5.0 Hexes
 * Level 8.6 Fire Magic
 - Level 3.0 Ice Magic
 + Level 4.0 Earth Magic


You had 4 spell levels left.
You knew the following spells:

 Your Spells              Type           Power      Damage    Failure   Level
a - Foxfire               Conj/Fire      100%       2x1d9     1%          1
b - Scorch                Fire           100%       2d9       1%          2
c - Inner Flame           Hex/Fire       56%        N/A       1%          3
d - Flame Wave            Conj/Fire      60%        2d14      1%          4
e - Stone Arrow           Conj/Erth      66%        3d11      1%          3
f - Fireball              Conj/Fire      30%        3d13      3%          5
g - Ozocubu's Armour      Ice            22%        N/A       2%          3

Your spell library contained the following spells:

 Spells                   Type           Power      Damage    Failure   Level
 Sandblast                Erth           54%        2d13      1%          1
 Passwall                 Tmut/Erth      14%        N/A       1%          2
 Volatile Blastmotes      Fire/Tloc      84%        2d17      1%          3
 Fulminant Prism          Conj/Hex       17%        3d11      2%          4
 Brom's Barrelling Bould  Conj/Erth      33%        2d5       3%          4
 Cause Fear               Hex            15%        N/A       4%          4
 Iskenderun's Mystic Bla  Conj/Tloc      23%        2d6       8%          4
 Ozocubu's Refrigeration  Ice            11%        4d9       99%         7
 Dragon's Call            Summ           4%         N/A       100%        9


Dungeon Overview and Level Annotations

Branches:
Dungeon (8/15)             Temple (1/1) D:6            Lair (2/5) D:8
  Sewer (visited)
  Swamp: Lair:2-3    Shoals: Lair:2-3     Snake: Lair:2-3    Spider: Lair:2-3

Altars:
Ashenzari
Cheibriados
Dithmenos
Elyvilon
Fedhas
Gozag
Hepliaklqana
Kikubaaqudgha
Makhleb
Nemelex Xobeh
Okawaru
Qazlal
Ru
Trog
Uskayaw
Vehumet
Wu Jian
Xom
Yredelemnul

Shops:
D:2 (*


Innate Abilities, Weirdness & Mutations

You cannot wear most types of armour.
You are amphibious.
You can wear up to eight rings at the same time.
Your skin changes colour to match your surroundings (Stealth+).
Your rubbery body absorbs attacks. (AC +1, EV +1)
((You are camouflaged when in or above water. (Stealth+)))
You have tentacles for arms and can constrict up to eight enemies at once.


Message History

The blink frog hits you! x2; The blink frog blinks!
The blink frog misses you. The blink frog hits you!
* * * LOW HITPOINT WARNING * * *
The blink frog blinks!
Unknown command.
A wave of flame ripples out!
The flame wave engulfs the blink frog!
The blink frog is severely wounded.
You finish channelling waves of flame.
The blink frog misses you.
Unknown command.
Casting: Flame Wave (dangerous; 1% risk of failure)
Confirm with . or Enter, or press ? or * to list all spells.
Casting: Flame Wave (dangerous; 1% risk of failure)
Press: ? - help, Dir - look around, f - activate You feel a surge of power!
A wave of flame ripples out!
The flame wave engulfs the blink frog!
You kill the blink frog! (Press . to intensify the flame waves.)
A black mamba comes into view.
A wave of flame ripples out!
The flame wave engulfs the blink frog!!
You kill the blink frog!
Your Earth Magic skill increases to level 4!
Unknown command.
A wave of flame ripples out!
The flame wave engulfs the blink frog!
The blink frog is almost dead.
The flame wave engulfs the black mamba!
The black mamba is moderately wounded.
You finish channelling waves of flame.
You block the blink frog's attack.
Unknown command.
Casting: Flame Wave (dangerous; 1% risk of failure)
Confirm with . or Enter, or press ? or * to list all spells.
Casting: Flame Wave (dangerous; 1% risk of failure)
Press: ? - help, Dir - look around, f - activate You feel a surge of power!
A wave of flame ripples out!
The flame wave engulfs the black mamba!!
The black mamba is almost dead.
The flame wave engulfs the blink frog!
You kill the blink frog! (Press . to intensify the flame waves.)
The black mamba bites you!!
You die...

#...P ###
#....####..####
...............
..)............
...............
...............
......S††......
.......@.......
.....###....#.#
##. #.### .# .
.. #. ##


You could see a black mamba.

Vanquished Creatures
  A black mamba (Lair:1)
  Joseph (D:8)
  A rime drake (Lair:1)
  4 cane toads (Lair:1)
  3 komodo dragons (Lair:1)
  Grinder (D:3)
  A polar bear (Lair:1)
  4 blink frogs (Lair:2)
  A wyvern (Lair:1)
  3 yaks (Lair:1)
  Eustachio (D:4)
  3 vampire mosquitoes (D:7)
  4 water moccasins
  Duvessa (D:5)
  2 orc warriors (D:8)
  3 ice beasts
  2 sky beasts
  An ogre (D:6)
  2 centaurs (D:8)
  10 wolves
  A phantom (D:5)
  10 bullfrogs
  6 kobold brigands
  2 scorpions (D:6)
  A wight (D:7)
  Dowan (D:5)
  4 killer bees (D:8)
  A howler monkey (D:7)
  2 gnoll boudas
  5 hounds
  6 jellies
  3 orc priests
  3 sleepcaps
  7 iguanas
  4 orc wizards
  6 adders
  4 gnolls (D:5)
  A river rat (Sewer)
  2 shadow imps
  5 ufetubi
  4 worms
  2 dart slugs
  23 orcs
  15 ball pythons
  3 bats
  8 endoplasms
  A giant cockroach (D:1)
  4 goblins
  5 hobgoblins
  10 jackals
  22 kobolds
  A quokka (D:5)
  4 frilled lizards
  5 rats
230 creatures vanquished.

Vanquished Creatures (collateral kills)
  A foxfire (Lair:2)
1 creature vanquished.

Vanquished Creatures (others)
  564 foxfires
564 creatures vanquished.

Grand Total: 795 creatures vanquished

Notes
Turn   | Place    | Note
-------+----------+-------------------------------------------
     0 | D:1      | Conn the Octopode Fire Elementalist began the quest for the
                  | Orb.
     0 | D:1      | Reached XP level 1. HP: 11/11 MP: 3/3
    87 | D:1      | Reached XP level 2. HP: 15/17 MP: 0/5
   562 | D:1      | Reached XP level 3. HP: 21/21 MP: 3/6
   739 | D:1      | Learned a level 2 spell: Scorch
   743 | D:1      | Learned a level 3 spell: Inner Flame
   815 | D:2      | Found an opulent altar of Gozag.
   942 | D:2      | Identified the amulet "Kyshrec" {Reflect Contam rElec Int+2
                  | SH+5}
   961 | D:2      | Found Xafe Nim's Assorted Antiques.
   970 | D:2      | Bought a brown potion for 23 gold pieces
   970 | D:2      | Bought a viscous coppery potion for 23 gold pieces
  1031 | D:2      | Found a faded altar of an unknown god.
  1309 | D:2      | Found Tuugor's Weapon Emporium.
  1707 | D:3      | Reached XP level 4. HP: 16/27 MP: 7/7
  1799 | D:3      | Reached skill level 1 in Hexes
  1857 | D:3      | Noticed Grinder
  1872 | D:3      | Killed Grinder
  1873 | D:3      | Reached skill level 1 in Fighting
  1873 | D:3      | Reached XP level 5. HP: 12/33 MP: 6/9
  1873 | D:3      | Reached XP level 6. HP: 14/38 MP: 6/10
  2632 | D:4      | Found a snail-covered altar of Cheibriados.
  2638 | D:4      | Found an ancient bone altar of Kikubaaqudgha.
  2638 | D:4      | Found a radiant altar of Vehumet.
  2649 | D:4      | Found a broken altar of Ashenzari.
  2654 | D:4      | Found a hide-covered altar of Uskayaw.
  3043 | D:4      | Reached XP level 7. HP: 32/43 MP: 10/12
  3106 | D:4      | Noticed Eustachio
  3136 | D:4      | Killed Eustachio
  3464 | D:5      | Entered Level 5 of the Dungeon
  3495 | D:5      | Identified the +1 robe of Okaseatu {rF+ rN+}
  3534 | D:5      | Noticed Dowan
  3536 | D:5      | Noticed Duvessa
  3543 | D:5      | Killed Duvessa
  3569 | D:5      | Killed Dowan
  3694 | D:5      | Reached XP level 8. HP: 42/50 MP: 9/13
  3803 | D:5      | Reached skill level 5 in Stealth
  3918 | D:5      | Reached skill level 5 in Fire Magic
  4122 | D:5      | Found a glowing drain.
  4130 | Sewer    | Entered a sewer
  5142 | D:5      | Reached XP level 9. HP: 14/56 MP: 4/16
  5860 | D:6      | Reached skill level 5 in Spellcasting
  5938 | D:6      | Reached skill level 5 in Conjurations
  5951 | D:6      | Learned a level 4 spell: Flame Wave
  5955 | D:6      | Learned a level 3 spell: Stone Arrow
  5961 | D:6      | Learned a level 5 spell: Fireball
  6240 | D:6      | Found a staircase to the Ecumenical Temple.
  6324 | Temple   | Entered the Ecumenical Temple
  6705 | D:8      | Reached skill level 1 in Earth Magic
  6942 | D:8      | Reached skill level 5 in Hexes
  7201 | D:8      | Reached XP level 10. HP: 63/63 MP: 5/18
  7331 | D:8      | Found a staircase to the Lair.
  7362 | D:8      | Noticed Joseph
  7373 | D:8      | Killed Joseph
  7569 | D:8      | Identified the +0 ring mail of Yredelemnul, Sharing {+Blink
                  | Will+}
  7615 | D:7      | Found an ornate altar of the Wu Jian Council.
  7825 | D:7      | Reached skill level 5 in Dodging
  8232 | D:7      | Identified a scroll of acquirement
  8232 | D:7      | Acquired the ring of Umat {Wiz rElec rPois rC++ Will-}
  8254 | D:7      | HP: 3/65 [disintegration (17)]
  8592 | D:7      | Learned a level 3 spell: Ozocubu's Armour
  8673 | IceCv    | Identified the of Wupyw
  8673 | IceCv    | Identified the "Hoh Maxer"
  8673 | Lair:1   | Entered Level 1 of the Lair of Beasts
  8807 | Lair:1   | Reached skill level 1 in Ice Magic
  8820 | Lair:1   | HP: 2/65 [rime drake/icy flash freeze (19)]
  9039 | Lair:1   | Noticed a cane toad
  9046 | Lair:1   | Killed a cane toad
  9194 | Lair:1   | Noticed a cane toad
  9199 | Lair:1   | Killed a cane toad
  9200 | Lair:1   | Reached skill level 5 in Fighting
  9200 | Lair:1   | Reached XP level 11. HP: 71/71 MP: 9/21
 10547 | Lair:2   | Slain by a black mamba

Illustrated notes

Levels and vault maps discovered:
D:1:      roderic_crossed_star, layout_basic
D:2:      layout_loops_ring, basic_ecumenical_altar, basic_altar, serial_shops,
          nicolae_square_shop, nicolae_shop_back_alley_shop
D:3:      layout_rooms, uniq_grinder
D:4:      layout_basic, minmay_overflow_temple_star_hex, dk_vineyard_2,
          dreamdust_mushroom_princess, uniq_eustachio
D:5:      layout_loops_ring, cheibrodos_sewer_entry_bend, chequers_arboretum,
          uniq_duvessa
D:6:      layout_gridville, minmay_temple_entry_enclosed_plants
D:7:      layout_rooms, mainiacjoe_overflow_chevrons,
          chequers_serial_rivers_room_a, minmay_alternating_orb
D:8:      layout_gridville, tgw_sif, lair_entry_dummy, uniq_joseph, uniq_amaemon
Temple:   oiseaux_autumnal_temple
Lair:1:   layout_concentric_octagons, serial_bayou_pond_c, grunt_megastairs_5
Lair:2:   lemuel_reptile_caves, layout_regular_city,
          minmay_snake_entry_six_corridors

Skill      XL: |  1  2  3  4  5  6  7  8  9 10 11 |
---------------+----------------------------------+-----
Stealth        | 3 4 5 6 8 |  8.0
Hexes          | 2 3 4 5 |  5.0
Fighting       | 1 2 3 5 |  5.5
Spellcasting   | 3 4 5 6 7 |  7.5
Conjurations   | 2 3 4 5 6 |  6.6
Fire Magic     | 4 5 6 7 8 |  8.6
Dodging        | 3 4 5 |  5.9
Earth Magic    | 1 3 4 |  4.0
Ice Magic      | 2 3 |  3.0

Action                     |  1- 3 |  4- 6 |  7- 9 | 10-12 || total
---------------------------+-------+-------+-------+-------++-------
  Melee: Unarmed           |    14 |       |       |       ||    14
         Constrict         |    12 |     7 |    22 |     7 ||    48
         Tentacles         |     4 |     8 |    19 |    10 ||    41
         Demon whip        |    30 |     2 |       |       ||    32
         Long sword        |       |    23 |    63 |       ||    86
         Punch             |       |       |     4 |       ||     4
         Falchion          |       |       |    39 |    46 ||    85
   Cast: Foxfire           |    38 |    20 |   162 |   106 ||   326
         Scorch            |       |     7 |    19 |    31 ||    57
         Inner Flame       |       |       |     8 |     8 ||    16
         Flame Wave        |       |       |     1 |    11 ||    12
         Fireball          |       |       |       |     1 ||     1
  Evoke: Wand              |       |       |     1 |     3 ||     4
    Use: Scroll            |    10 |     4 |     8 |     4 ||    26
         Potion            |       |     2 |     3 |     2 ||     7
   Stab: Sleeping          |     6 |     4 |    17 |       ||    27
         Distracted        |       |       |     1 |     2 ||     3
 Armour: Skin              |    20 |     7 |    73 |    57 ||   157
  Dodge: Dodged            |    22 |    10 |   128 |    54 ||   214
  Block: Other             |     5 |     5 |    51 |    22 ||    83
         Reflection        |     1 |       |     4 |       ||     5

Table legend: (Time is in decaauts)
 A = Elapsed time spent in this place.
 B = Non-inter-level travel time spent in this place.
 C = Inter-level travel time spent in this place.
 D = Time resting spent in this place.
 E = Time spent auto-exploring this place.
 F = Levels seen in this place.
 G = Mean time per level.
                   A        B        C        D        E       F      G
               +--------+--------+--------+--------+--------+-----+--------+
         Total |  10590 |  10335 |    255 |    355 |   7407 |  12 |  882.5 |
       Dungeon |   7870 |   7646 |    224 |    215 |   5496 |   8 |  983.8 |
        Temple |     83 |     66 |     17 |      0 |      0 |   1 |   83.0 |
          Lair |   1878 |   1865 |     13 |    140 |   1458 |   2 |  939.0 |
         Sewer |    757 |    757 |      0 |      0 |    453 |   1 |  757.0 |
               +--------+--------+--------+--------+--------+-----+--------+

Top non-repeatable levels by time:
  Lair:1: 1851 daAuts
     D:5: 1244 daAuts
     D:8: 1126 daAuts
     D:6: 1020 daAuts
     D:7: 999 daAuts
     D:2: 933 daAuts
     D:4: 929 daAuts
     D:3: 857 daAuts
     D:1: 759 daAuts
   Sewer: 757 daAuts
  Temple: 83 daAuts
  Lair:2: 27 daAuts
